Map: Glittering Ashes LE

Players

Verdura

  • Race: Zerg Zerg
  • League: Platinum

Pandemic - Winner!

  • Race: Terran Terran
  • League: Platinum

VOD

Have the link to the VOD?

Description

Time

  • Played on: Oct. 23, 2021, 11:42 a.m.
  • Length: 23:45
Show
View Real Time Build Order
Export as new Build Order

Verdura Zerg 

Build Orders: Pool First, Lurkers, Muta Ling Bane 

Get SALT Encoding   

  12  0:03  Drone  
  13  0:13  Drone  
  14  0:22  Overlord  
  14  0:43  Drone x3  
  14  0:48  Spawning Pool  
  16  0:54  Drone  
  17  1:00  Extractor  
  16  1:08  Drone  
  17  1:17  Drone  
  18  1:31  Drone  
  19  1:33  Hatchery  
  19  1:38  Queen  
  19  1:39  Drone  
  21  1:49  Overlord  
  21  2:00  Drone  
  22  2:02  Metabolic Boost  
  22  2:10  Drone  
  23  2:23  Drone  
  23  2:24  Baneling Nest  
  23  2:31  Drone  
  24  2:42  Drone  
  25  2:48  Queen  
  27  2:57  Lair  
  27  2:58  Drone  
  27  2:59  Drone x2  
  30  3:08  Drone  
  30  3:10  Drone  
  30  3:12  Drone  
  33  3:15  Drone  
  33  3:16  Hatchery  
  33  3:28  Overlord x2  
  33  3:32  Extractor  
  33  3:33  Drone x2  
  34  3:43  Drone x2  
  36  3:52  Drone x2  
  38  3:58  Zergling x6  
  41  4:05  Pneumatized Carapace  
  41  4:08  Zergling x4  
  43  4:32  Spire  
  43  4:35  Roach Warren  
  43  4:37  Extractor x2  
  39  4:39  Baneling x2  
  39  4:44  Queen  
  41  4:47  Drone x2  
  41  4:48  Drone  
  41  4:50  Drone x3  
  41  4:52  Zergling x8  
  51  4:57  Overlord x2  
  51  4:58  Overlord  
  51  5:04  Centrifical Hooks  
  51  5:17  Baneling x4  
  48  5:30  Zergling x2  
  48  5:31  Zergling x12  
  53  5:39  Glial Reconstitution  
  53  5:43  Drone x4  
  53  5:44  Drone x2  
  53  5:47  Queen  
  61  5:51  Overseer  
  61  5:54  Spore Crawler  
  60  5:58  Spore Crawler  
  60  6:00  Mutalisk x2  
  63  6:24  Mutalisk x4  
  71  6:28  Drone  
  71  6:29  Drone x6  
  78  6:45  Drone x3  
  81  6:55  Extractor  
  81  6:59  Overlord x3  
  80  7:16  Extractor  
  80  7:17  Drone x2  
  80  7:20  Drone x2  
  80  7:21  Drone  
  84  7:24  Mutalisk x2  
  84  7:25  Mutalisk x4  
  97  7:30  Drone x3  
  99  7:37  Hydralisk Den  
  99  7:39  Overlord x3  
  99  7:40  Evolution Chamber  
  99  7:41  Overseer x2  
  99  7:42  Evolution Chamber  
  96  7:51  Baneling  
  96  8:03  Baneling x3  
  96  8:04  Baneling x3  
  96  8:06  Mutalisk x2  
  100  8:34  Grooved Spines  
  100  8:35  Zerg Missile Weapons Level 1  
  100  8:40  Extractor  
  99  8:43  Extractor, Lurker Den  
  97  8:54  Drone x5, Hatchery  
  101  9:05  Mutalisk x4  
  101  9:06  Mutalisk  
  111  9:16  Drone  
  111  9:17  Drone x2  
  113  9:21  Drone x3  
  113  9:23  Drone x2  
  113  9:24  Drone  
  120  9:32  Infestation Pit, Overlord x4  
  120  9:35  Zerg Flyer Weapons Level 1  
  119  9:45  Muscular Augments  
  78  10:41  Hydralisk x6  
  78  10:42  Hydralisk x8  
  98  10:43  Hydralisk x2  
  110  10:50  Zerg Ground Armor Level 1  
  110  10:52  Zerg Missile Weapons Level 2  
  110  10:54  Overlord x4  
  110  10:56  Overseer x3  
  110  10:57  Overseer x2  
  110  11:00  Queen  
  112  11:05  Drone  
  113  11:23  Hive  
  113  11:29  Drone x2  
  113  11:30  Drone x2  
  113  11:32  Hydralisk x6  
  121  11:33  Hydralisk x5  
  121  11:38  Lurker x4  
  121  11:39  Lurker  
  139  12:13  Hydralisk x2  
  139  12:14  Hydralisk x8  
  139  12:15  Hydralisk  
  112  12:33  Overlord x6  
  106  12:54  Hydralisk x5  
  106  12:55  Hydralisk x3  
  122  13:01  Overseer x3  
  122  13:05  Zerg Ground Armor Level 2  
  122  13:11  Seismic Spines  
  122  13:12  Ultralisk Cavern  
  121  13:20  Lurker x5  
  121  13:21  Lurker  
  121  13:23  Hydralisk x2  
  131  13:32  Drone x2  
  133  14:07  Hatchery  
  133  14:08  Extractor  
  131  14:10  Extractor  
  130  14:17  Drone x2  
  130  14:23  Ultralisk  
  130  14:24  Hydralisk x7  
  125  15:17  Anabolic Synthesis  
  125  15:28  Hydralisk x2  
  125  15:29  Hydralisk  
  97  15:57  Hydralisk x7  
  97  15:58  Hydralisk x2  
  97  15:59  Ultralisk x4, Chitinous Plating  
  97  16:00  Ultralisk  
  145  16:05  Overseer x2  
  145  16:10  Queen  
  147  16:12  Drone x3  
  147  16:16  Queen  
  152  16:24  Zerg Melee Weapons Level 1  
  152  16:26  Adaptive Talons  
  143  17:02  Hydralisk x2  
  143  17:03  Hydralisk x5  
  157  17:09  Overlord x2  
  157  17:10  Overlord x3  
  157  17:14  Greater Spire  
  138  17:48  Hydralisk x6  
  138  17:49  Hydralisk x7  
  138  17:50  Hydralisk x5  
  133  18:22  Lurker x4  
  133  18:23  Lurker x6  
  133  18:27  Hydralisk x7  
  140  18:28  Hydralisk x5  
  140  18:32  Overseer  
  140  18:33  Overseer x3  
  164  19:05  Extractor  
  164  19:07  Hatchery  
  162  19:11  Extractor  
  147  19:34  Drone x3  
  147  19:37  Drone x4  
  154  19:46  Drone x3  
  157  19:54  Extractor  
  157  19:57  Hatchery  
  139  20:38  Hydralisk x7  
  139  20:39  Hydralisk  
  139  20:40  Ultralisk x2  
  139  20:42  Queen  
  154  21:23  Hydralisk  
  127  21:41  Hydralisk x6  
  127  21:42  Hydralisk  
  127  21:45  Overlord x3  
  127  21:46  Overlord x2  
  92  22:29  Lurker x3  
  96  22:30  Lurker  
  96  22:33  Hydralisk x2  
  96  22:34  Hydralisk x4  
  96  22:35  Ultralisk x3  
  126  22:40  Overseer x2  
  126  22:52  Queen  
  128  23:07  Hatchery  
  100  23:22  Lurker x3  
Show
View Real Time Build Order
Export as new Build Order

Pandemic Terran - Winner!

Build Orders: Hellion Banshee 

Get SALT Encoding   

  12  0:00  SCV  
  13  0:12  SCV  
  14  0:18  Supply Depot  
  14  0:24  SCV  
  15  0:40  SCV  
  15  0:41  Barracks  
  16  0:48  Refinery  
  16  0:52  SCV  
  17  1:04  SCV  
  18  1:16  SCV  
  19  1:29  Orbital Command, Marine  
  20  1:44  Command Center  
  20  1:50  Supply Depot  
  20  1:57  SCV  
  20  2:00  Barracks Reactor  
  21  2:09  SCV  
  21  2:12  Factory  
  22  2:17  Refinery  
  22  2:21  SCV  
  23  2:26  Bunker  
  23  2:34  SCV  
  24  2:40  Marine x2  
  26  2:46  SCV  
  27  2:56  Orbital Command  
  27  2:58  SCV  
  28  3:03  Starport  
  28  3:10  SCV  
  29  3:15  Barracks Tech Lab, Hellion  
  29  3:18  Hellion  
  33  3:22  Orbital Command, SCV  
  34  3:34  SCV  
  34  3:39  Bunker  
  34  3:41  Hellion  
  39  3:44  Barracks Tech Lab  
  39  3:46  SCV  
  40  3:50  SCV  
  41  3:58  SCV  
  41  4:01  Hellion  
  41  4:02  SCV, Hellion  
  45  4:10  Supply Depot, SCV  
  45  4:11  Supply Depot  
  45  4:14  SCV  
  47  4:22  Refinery, SCV, Hellion  
  47  4:23  Barracks Tech Lab  
  47  4:24  Hellion  
  52  4:26  SCV  
  52  4:30  Supply Depot  
  53  4:35  SCV  
  54  4:38  Banshee, SCV  
  54  4:44  Marine  
  59  4:47  SCV  
  59  4:50  SCV  
  61  4:54  Supply Depot  
  61  4:59  SCV  
  62  5:02  Marine  
  62  5:03  SCV  
  64  5:11  SCV  
  64  5:13  Hellion x2  
  69  5:15  SCV  
  69  5:19  Marine  
  70  5:32  SCV x2  
  66  5:37  Marine  
  66  5:40  Engineering Bay  
  64  5:44  SCV x2  
  64  5:48  Supply Depot  
  64  5:49  Barracks  
  66  5:52  Barracks  
  66  5:55  Refinery, Marine  
  66  5:56  SCV  
  66  5:57  SCV  
  69  6:07  Medivac  
  69  6:08  Medivac, SCV  
  69  6:09  SCV  
  69  6:11  Siege Tank  
  78  6:13  Marine  
  78  6:15  Supply Depot  
  79  6:21  SCV x2  
  81  6:30  Terran Infantry Weapons Level 1  
  81  6:31  Marine  
  82  6:33  Missile Turret  
  82  6:35  SCV x2  
  82  6:38  Missile Turret  
  84  6:42  Missile Turret  
  84  6:43  Supply Depot  
  84  6:44  Missile Turret  
  84  6:47  SCV  
  84  6:48  Marine  
  84  6:50  SCV  
  84  6:51  Armory, Command Center  
  84  6:53  Barracks Reactor  
  88  6:54  Stimpack  
  88  6:57  Barracks Reactor  
  87  7:04  SCV  
  87  7:05  Supply Depot  
  87  7:06  Marine  
  86  7:14  Liberator x2  
  92  7:16  SCV  
  93  7:24  Marine  
  94  7:35  Missile Turret, Supply Depot  
  94  7:40  SCV  
  94  7:41  Marine x2  
  94  7:42  Marine x2, SCV  
  94  7:43  Marine  
  100  7:49  Thor  
  106  7:52  SCV  
  106  7:54  SCV  
  106  7:57  Liberator x2  
  114  7:59  Marine x2  
  114  8:00  Barracks, Marine x3  
  114  8:01  Barracks  
  114  8:04  SCV  
  120  8:06  Factory, Terran Vehicle Weapons Level 1, SCV x2  
  120  8:11  Engineering Bay  
  122  8:16  Marine, SCV  
  122  8:17  Marine  
  122  8:18  SCV  
  126  8:26  Supply Depot  
  126  8:27  Sensor Tower  
  126  8:32  Thor  
  132  8:34  Combat Shield, Command Center  
  132  8:35  SCV  
  132  8:37  Terran Infantry Weapons Level 2  
  132  8:38  Terran Infantry Armor Level 1, SCV  
  132  8:40  Liberator  
  132  8:41  Marine x4  
  137  8:47  SCV  
  137  8:48  Supply Depot  
  142  8:54  Orbital Command  
  142  8:55  SCV  
  143  9:00  Missile Turret  
  143  9:03  SCV  
  144  9:11  SCV  
  144  9:14  Factory Tech Lab  
  144  9:15  Barracks Reactor x2, SCV  
  146  9:17  Marine x5  
  146  9:23  SCV  
  152  9:26  SCV  
  152  9:30  Smart Servos  
  152  9:31  SCV  
  154  9:35  Marine x3  
  154  9:38  Refinery  
  157  9:45  Marine x2  
  157  9:46  SCV x3  
  157  9:52  Marine  
  163  9:53  Orbital Command, Marine x2  
  163  9:54  Siege Tank x2  
  163  9:57  Supply Depot  
  163  9:58  Supply Depot, SCV  
  172  10:01  SCV  
  172  10:03  Marine x2  
  172  10:04  SCV  
  171  10:09  Supply Depot, Marine x2  
  171  10:10  Marine, SCV  
  171  10:11  Marine x2  
  172  10:17  Supply Depot  
  172  10:20  Supply Depot  
  172  10:25  Supply Depot  
  172  10:26  Thor  
  172  10:27  SCV  
  179  10:31  Refinery  
  179  10:33  SCV  
  179  10:34  SCV  
  178  10:38  SCV  
  178  10:40  Viking x2  
  183  10:44  SCV  
  184  11:03  Command Center  
  183  11:04  Terran Vehicle Weapons Level 2  
  183  11:05  SCV  
  183  11:06  Terran Infantry Weapons Level 3, Terran Infantry Armor Level 2  
  183  11:07  SCV  
  183  11:09  Marine x7  
  183  11:10  Viking x2, Marine  
  197  11:18  Orbital Command  
  197  11:23  SCV x3  
  200  11:37  Command Center  
  200  11:41  Sensor Tower  
  194  12:02  Missile Turret  
  194  12:03  Starport  
  184  12:10  Medivac x2  
  140  12:23  Missile Turret  
  140  12:29  Marine  
  140  12:30  Marine x8  
  140  12:31  Thor x2  
  161  12:40  Medivac x2  
  165  12:44  Starport Tech Lab  
  165  12:47  Marine x2  
  165  12:48  Marine x7  
  168  13:02  Factory  
  168  13:05  Marine x6  
  168  13:06  Marine x3  
  168  13:07  SCV  
  178  13:14  Thor x2  
  178  13:18  Planetary Fortress  
  190  13:20  SCV  
  190  13:23  Marine x5  
  190  13:24  Raven  
  190  13:26  Medivac  
  200  13:32  Refinery x2  
  200  13:33  Planetary Fortress  
  200  13:36  Refinery  
  200  13:37  Refinery  
  200  13:48  Factory Tech Lab  
  200  13:52  Barracks  
  200  13:54  Barracks  
  200  14:26  Command Center  
  200  14:30  Command Center  
  200  14:44  Liberator x3  
  142  15:00  Barracks Reactor x2, Marine x4  
  142  15:01  Marine x5  
  142  15:03  Siege Tank  
  142  15:18  Marine x9  
  151  15:22  Missile Turret  
  151  15:23  Missile Turret x2  
  151  15:24  Missile Turret  
  151  15:27  Missile Turret, Liberator x3  
  151  15:28  Missile Turret  
  160  15:35  Siege Tank  
  157  15:36  Marine x9  
  150  15:43  Terran Infantry Armor Level 3  
  150  15:44  Neosteel Armor  
  136  15:54  Marine x9  
  143  16:05  Command Center  
  143  16:06  Orbital Command x2  
  143  16:07  Siege Tank  
  143  16:10  Liberator x3  
  155  16:11  Marine  
  155  16:12  Marine x7  
  155  16:14  Siege Tank x2  
  155  16:16  Marine x5  
  174  16:22  Terran Vehicle Weapons Level 3  
  174  16:29  Marine x4  
  174  16:30  Marine x4  
  182  16:34  Marine x5  
  182  16:39  Siege Tank  
  190  16:46  Siege Tank x2  
  193  16:47  Marine x7  
  200  17:01  Command Center  
  200  17:03  Command Center  
  200  17:18  Command Center  
  200  17:24  Hi-Sec Auto Tracking  
  200  17:42  Sensor Tower  
  127  18:14  SCV x2  
  127  18:15  SCV x2  
  127  18:16  SCV  
  127  18:17  SCV x2  
  129  18:23  Marine x2  
  129  18:24  Raven, Marine x2  
  129  18:26  Missile Turret, SCV  
  129  18:27  SCV x3  
  135  18:28  SCV  
  135  18:29  SCV x2  
  135  18:31  SCV  
  140  18:38  SCV  
  140  18:39  SCV x3  
  140  18:40  SCV  
  146  18:41  SCV  
  146  18:43  SCV  
  146  18:44  Orbital Command  
  146  18:46  Missile Turret, Planetary Fortress  
  146  18:47  Planetary Fortress  
  147  18:50  SCV  
  147  18:51  SCV x3  
  147  18:52  SCV  
  147  18:53  SCV  
  153  18:59  Terran Vehicle And Ship Armor Level 1  
  153  19:06  Refinery  
  155  19:25  Thor  
  155  19:27  Medivac x2  
  163  19:36  Marine x13  
  176  19:46  SCV  
  177  19:54  Marine x10  
  177  19:55  Refinery  
  177  19:56  SCV x2  
  177  19:57  Medivac x2, SCV x2  
  177  19:58  Orbital Command  
  195  20:00  Orbital Command  
  132  20:18  Marine x4  
  132  20:19  Thor x2, Siege Tank  
  132  20:21  Liberator  
  151  20:24  SCV  
  151  20:27  Medivac x2  
  159  20:29  Marine x3  
  159  20:30  Marine  
  159  20:33  SCV x2  
  159  20:34  SCV  
  166  20:50  Refinery  
  166  20:51  Siege Tank  
  169  21:01  Thor  
  169  21:02  Terran Vehicle And Ship Armor Level 2, Siege Tank  
  169  21:03  Sensor Tower  
  161  21:20  Refinery  
  161  21:23  Siege Tank  
  162  21:25  Raven  
  162  21:26  Missile Turret  
  164  21:34  Siege Tank, Marine  
  164  21:35  Marine x12  
  164  21:36  Orbital Command  
  123  21:47  Missile Turret  
  123  21:52  Marine  
  123  21:53  Marine x12  
  134  22:00  Siege Tank x2  
  133  22:04  Liberator  
  133  22:06  Siege Tank  
  126  22:08  Raven  
  126  22:10  Marine x3  
  126  22:11  Marine x10  
  126  22:12  Orbital Command  
  137  22:28  Marine x9  
  137  22:29  Marine x4  
  150  22:32  Siege Tank  
  150  22:33  Siege Tank  
  150  22:36  SCV  
  157  22:38  Siege Tank  
  157  22:43  Barracks  
  160  22:46  Marine x10  
  160  22:49  Barracks  
  160  22:51  Raven  
  172  22:59  Medivac  
  172  23:00  Medivac  
  172  23:04  Siege Tank  
  172  23:05  Siege Tank  
Tags
 
Add a new tag
Caveats
  • Supply blocks, unpowered buildings, or Contaminate may cause inaccurate times.
  • Supply counts are checked every 10 seconds.